 Dungeon Crawl Stone Soup version 0.28-a0-21-gf74fda84f9 (webtiles) character file.

Game seed: 2512713013348120980

12404 pkoi the Grappler (level 11, -2/109 HPs)
             Began as a Troll Monk on July 26, 2021.
             Was a High Priest of Dithmenos.
             Slain by a ten-headed hydra (8 damage)
             ... on level 2 of the Lair of Beasts.
             The game lasted 00:13:08 (9276 turns).

pkoi the Grappler (Troll Monk)                      Turns: 9276, Time: 00:13:08

Health: -2/109     AC: 12    Str: 24    XL:     11   Next: 62%
Magic:  12/12      EV: 14    Int:  6    God:    Dithmenos [*****.]
Gold:   588        SH:  0    Dex: 18    Spells: 8/10 levels left

rFire   . . .      SeeInvis +     - Unarmed
rCold   + . .      Faith    .   (no shield)
rNeg    + . .      Spirit   .   y - +5 robe of Temperance {+Inv rF- Will+ Archmagi}
rPois   .          Reflect  .   m - +0 mask of the Dragon {Will+ Slay+3 SInv}
rElec   .          Harm     .   e - +2 cloak {rCorr}
rCorr   +          Rampage  +   (gloves unavailable)
Will    ++...      Archmagi +   (boots unavailable)
Stlth   +.........              C - amulet of Brilliance {RegenMP Rampage rC+ Dex+6 Stlth-}
HPRegen 1.28/turn               l - ring of protection from fire
MPRegen 0.38/turn               B - ring of positive energy

@: wreathed by umbra
A: large, unfitting armour, claws 3, regeneration 1, shaggy fur 1, tough skin 1
a: Renounce Religion, Evoke Invisibility, Shadow Step, Shadow Form


You were on level 2 of the Lair of Beasts.
You worshipped Dithmenos.
Dithmenos was extremely pleased with you.
You visited 3 branches of the dungeon, and saw 12 of its levels.

You collected 588 gold pieces.

Inventory:

Missiles
 i - 2 atropa-tipped darts
 p - 2 throwing nets
 x - 47 poisoned darts (quivered)
Armour
 a - a +1 robe
 e - a +2 cloak of preservation (worn)
 j - a scarf of repulsion
 m - the +0 mask of the Dragon (worn) {Will+ Slay+3 SInv}
   (You acquired it on level 5 of the Dungeon)

   Slay:      It affects your accuracy & damage with ranged weapons and melee
   (+3).
   SInv:      It lets you see invisible.
   Will:      It increases your willpower.
 w - a +2 robe of fire resistance
 y - the +5 robe of Temperance (worn) {+Inv rF- Will+ Archmagi}
   (You found it on level 9 of the Dungeon)

   rF:        It makes you vulnerable to fire.
   +Inv:      It lets you turn invisible.
   Archmagi:  It increases the power of your magical spells.
   Will:      It increases your willpower.
 D - a +2 robe of willpower
Jewellery
 l - a ring of protection from fire (left claw)
 n - a ring of wizardry
 s - an amulet of magic regeneration
 A - a ring of flight
 B - a ring of positive energy (right claw)
 C - the amulet of Brilliance (around neck) {RegenMP Rampage rC+ Dex+6 Stlth-}
   (You found it on level 7 of the Dungeon)

   [amulet of magic regeneration]

   It increases your rate of magic regeneration.
   Dex:       It affects your dexterity (+6).
   rC:        It protects you from cold.
   Rampage:   It bestows one free step when moving towards enemies.
   Stlth:     It makes you less stealthy.
 G - a ring of ice
 M - a ring of positive energy
Wands
 k - a wand of charming (3)
 I - a wand of paralysis (12)
 K - a wand of acid (7)
 L - a wand of flame (18)
Scrolls
 b - 4 scrolls of identify
 d - 5 scrolls of teleportation
 r - 3 scrolls of fear
 u - 3 scrolls of amnesia
 v - a scroll of fog
 N - a scroll of holy word {unknown}
Potions
 c - 2 potions of lignification {unknown}
 f - 5 potions of curing
 g - 3 potions of attraction {unknown}
 h - 2 potions of brilliance
 o - 2 potions of degeneration {unknown}
 q - 2 potions of ambrosia
 t - a potion of cancellation
 z - 2 potions of flight {unknown}
 E - 2 potions of mutation {unknown}
 F - a potion of invisibility {unknown}
 H - a potion of might {unknown}
 J - a potion of haste {unknown}


   Skills:
 + Level 7.2 Fighting
 + Level 7.2 Dodging
 - Level 1.0 Stealth
 * Level 14.1 Unarmed Combat
 + Level 3.6 Invocations


You had 8 spell levels left.
You knew the following spells:

 Your Spells              Type           Power      Damage    Failure   Level
a - Passwall              Tmut/Erth      0%         N/A       58%         2

Your spell library contained the following spells:

 Spells                   Type           Power      Damage    Failure   Level
 Corona                   Hex            0%         N/A       45%         1
 Magic Dart               Conj           0%         1d3       45%         1
 Sandblast                Erth           0%         2d4       45%         1
 Sting                    Tmut/Pois      0%         1d3       45%         1
 Call Imp                 Summ           0%         N/A       58%         2
 Ensorcelled Hibernation  Hex/Ice        0%         N/A       58%         2
 Poisonous Vapours        Pois/Air       0%         N/A       58%         2
 Sublimation of Blood     Necr           0%         N/A       58%         2
 Mephitic Cloud           Conj/Pois/Air  0%         N/A       83%         3
 Ozocubu's Armour         Ice            0%         N/A       83%         3
 Tukima's Dance           Hex            0%         N/A       83%         3
 Cause Fear               Hex            0%         N/A       99%         4
 Olgreb's Toxic Radiance  Pois           0%         N/A       99%         4
 Petrify                  Tmut/Erth      0%         N/A       99%         4
 Irradiate                Conj/Tmut      0%         3d14      100%        5
 Lee's Rapid Deconstruct  Erth           0%         3d5*      100%        5
 Conjure Ball Lightning   Conj/Air       0%         3x3d6     100%        6
 Shadow Creatures         Summ           N/A        N/A       100%        6
 Malign Gateway           Summ/Tloc      0%         N/A       100%        7
 Ozocubu's Refrigeration  Ice            0%         4d5       100%        7
 Discord                  Hex            0%         N/A       100%        8
 Disjunction              Tloc           0%         N/A       100%        8
 Summon Horrible Things   Summ           0%         N/A       100%        8


Dungeon Overview and Level Annotations

Branches:
Dungeon (9/15)             Temple (1/1) D:4            Lair (2/6) D:8
    Orc (0/2) D:9
  Swamp: Lair:2-4    Shoals: Lair:2-4     Snake: Lair:2-4    Spider: Lair:2-4

Altars:
Ashenzari
Cheibriados
Dithmenos
Gozag
Hepliaklqana
Kikubaaqudgha
Makhleb
Nemelex Xobeh
Qazlal
Ru
Wu Jian
Xom
Yredelemnul
The Shining One


Innate Abilities, Weirdness & Mutations

You are too large for most types of armour.
You have claws for hands.
Your natural rate of healing is unusually fast.
You are covered in fur. (AC +1)
You have tough skin. (AC +1)


Message History

The eight-headed hydra completely misses you.
The eight-headed hydra bites you!
* * * LOW HITPOINT WARNING * * *
The eight-headed hydra bites you.
* * * LOW HITPOINT WARNING * * *
You tear one of the eight-headed hydra's heads off!
The seven-headed hydra grows two more!
You claw the nine-headed hydra!
The nine-headed hydra is heavily wounded.
Unknown command.
You rip one of the nine-headed hydra's heads off!
The eight-headed hydra grows two more!
You mangle the ten-headed hydra!!
The ten-headed hydra is severely wounded.
The ten-headed hydra bites you.
* * * LOW HITPOINT WARNING * * *
The ten-headed hydra barely misses you.
The ten-headed hydra bites you but does no damage. x2
The ten-headed hydra closely misses you.
The ten-headed hydra completely misses you.
The ten-headed hydra closely misses you.
The ten-headed hydra barely misses you. The ten-headed hydra bites you.
* * * LOW HITPOINT WARNING * * *
The ten-headed hydra bites you.
* * * LOW HITPOINT WARNING * * *
Aiming: Corrosive Bolt
Press: ? - help, Shift-Dir - straight line, f/p - ten-headed hydra
Aim: a ten-headed hydra (severely wounded, umbra, 90% to hit)
The bolt of acid hits the ten-headed hydra!
The ten-headed hydra is splashed with acid.
The acid corrodes the ten-headed hydra!
The ten-headed hydra is almost dead.
The ten-headed hydra closely misses you.
The ten-headed hydra bites you.
* * * LOW HITPOINT WARNING * * *
The ten-headed hydra bites you but does no damage. x5
The ten-headed hydra bites you.
* * * LOW HITPOINT WARNING * * *
The ten-headed hydra bites you.
* * * LOW HITPOINT WARNING * * *
The ten-headed hydra bites you!
You die...

..........†........#...
.........................
.........................
.........................
.........................
........................
........................
................D.......
................@.......
........................
........................
..................#.....
...............#.###....
................## ###.
................#
..............<.#
................##


You could see a ten-headed hydra (corroded).

Vanquished Creatures
  A hydra (Lair:2)
  A black mamba (Lair:2)
  A guardian serpent (shapeshifter) (D:8)
  A cane toad (Lair:1)
  2 komodo dragons
  A hornet (D:8)
  Sigmund (D:3)
  2 wyverns
  Eustachio (D:4)
  The ghost of Nausicaa the Ruffian, an amateur TrDe (D:5)
  24 yaks
  A steam dragon (D:8)
  Edmund (D:6)
  4 water moccasins
  4 black bears (D:8)
  2 sky beasts
  4 orc warriors
  3 ice beasts (D:7)
  4 ogres
  A necrophage (D:7)
  10 wolves (Lair:2)
  3 phantoms
  3 centaurs
  Blork the orc (D:4)
  7 bullfrogs
  3 kobold brigands
  A scorpion (D:5)
  A water moccasin zombie (D:5)
  A wyvern skeleton (D:7)
  4 wights (D:8)
  3 electric eels
  5 hounds
  A jelly (D:5)
  6 orc priests
  2 centaur zombies (D:9)
  A bullfrog skeleton (D:6)
  4 iguanas
  Natasha (thrice) (D:4)
  14 orc wizards
  A killer bee zombie (D:8)
  A hound skeleton (D:5)
  9 adders
  3 gnolls (D:7)
  2 white imps
  An ufetubus (D:5)
  2 worms
  4 dart slugs
  39 orcs
  4 bats
  3 endoplasms
  5 giant cockroaches
  6 goblins
  5 hobgoblins
  4 quokkas
  4 ball pythons
  4 frilled lizards
  11 kobolds
  7 rats
248 creatures vanquished.

Vanquished Creatures (others)
  21 fungi
  51 plants
72 creatures vanquished.

Grand Total: 320 creatures vanquished

Notes
Turn   | Place    | Note
-------+----------+-------------------------------------------
     0 | D:1      | pkoi the Troll Monk began the quest for the Orb.
     0 | D:1      | Reached XP level 1. HP: 22/22 MP: 0/0
    76 | D:1      | Reached XP level 2. HP: 29/29 MP: 1/1
   267 | D:1      | You fall into a shaft and drop 1 floor!
   426 | D:1      | Reached skill level 4 in Unarmed Combat
   813 | D:2      | Reached XP level 3. HP: 29/36 MP: 2/2
   833 | D:2      | Found a shimmering altar of Xom.
  1459 | D:3      | Noticed Sigmund
  1599 | D:3      | Reached skill level 5 in Unarmed Combat
  1599 | D:3      | Reached XP level 4. HP: 44/44 MP: 3/3
  1687 | D:4      | Noticed Natasha
  1700 | D:4      | Killed Natasha
  1734 | D:4      | Reached XP level 5. HP: 50/50 MP: 4/4
  1926 | D:4      | Found a staircase to the Ecumenical Temple.
  1936 | D:4      | Reached skill level 6 in Unarmed Combat
  1939 | Temple   | Entered the Ecumenical Temple
  2032 | Temple   | Became a worshipper of Dithmenos the Shadowed
  2032 | Temple   | Reached * piety under Dithmenos
  2032 | Temple   | Reached ** piety under Dithmenos
  2141 | D:4      | Noticed Blork the orc
  2144 | D:4      | Noticed an ogre
  2160 | D:4      | Killed an ogre
  2161 | D:4      | Reached XP level 6. HP: 55/59 MP: 5/5
  2162 | D:4      | Killed Blork the orc
  2241 | D:4      | Got the Guide on Ensnaring Companions
  2303 | D:4      | Noticed Natasha
  2308 | D:4      | Killed Natasha
  2434 | D:5      | Entered Level 5 of the Dungeon
  2434 | D:5      | Noticed Eustachio
  2453 | D:4      | Killed Eustachio
  2454 | D:4      | Reached skill level 7 in Unarmed Combat
  2454 | D:4      | Reached XP level 7. HP: 19/67 MP: 6/6
  2531 | D:5      | You fall into a shaft and drop 2 floors!
  2689 | D:7      | Reached skill level 8 in Unarmed Combat
  2706 | D:7      | Reached XP level 8. HP: 62/78 MP: 7/7
  2877 | D:7      | Reached skill level 9 in Unarmed Combat
  3120 | D:5      | Found a glowing golden altar of the Shining One.
  3135 | D:5      | Reached *** piety under Dithmenos
  3136 | D:5      | Reached skill level 5 in Fighting
  3136 | D:5      | Reached skill level 5 in Dodging
  3172 | D:5      | Reached XP level 9. HP: 73/88 MP: 8/8
  3282 | D:5      | Found a runed translucent door.
  3284 | D:5      | Noticed Nausicaa's ghost (amateur TrDe)
  3689 | D:5      | Identified 2 scrolls of acquirement
  3689 | D:5      | Acquired the +0 mask of the Dragon {Will+ Slay+3 SInv}
  3690 | D:5      | Found the +0 mask of the Dragon {Will+ Slay+3 SInv}
  3987 | D:4      | Noticed Natasha
  3996 | D:4      | Killed Natasha
  3999 | D:4      | Acquired a +2 cloak of preservation
  5015 | D:3      | Killed Sigmund
  5016 | D:3      | Reached skill level 10 in Unarmed Combat
  5206 | D:5      | Killed Nausicaa's ghost
  5462 | D:6      | Noticed Edmund
  5491 | D:6      | Killed Edmund
  5562 | D:6      | Reached **** piety under Dithmenos
  5924 | D:7      | Identified the amulet of Brilliance {RegenMP Rampage rC+
                  | Dex+6 Stlth-}
  6152 | D:8      | Found a staircase to the Lair.
  6161 | D:8      | Reached skill level 11 in Unarmed Combat
  6171 | D:8      | Noticed a guardian serpent
  6183 | D:8      | Reached XP level 10. HP: 82/98 MP: 9/9
  6190 | D:8      | Killed a guardian serpent
  6203 | D:8      | Reached skill level 12 in Unarmed Combat
  6308 | D:8      | Found a sparkling altar of Nemelex Xobeh.
  7361 | D:9      | Found a burning altar of Makhleb.
  7424 | D:9      | Identified the +5 robe of Temperance {+Inv rF- Will+
                  | Archmagi}
  7552 | D:9      | Found a staircase to the Orcish Mines.
  7676 | D:9      | Reached ***** piety under Dithmenos
  7714 | D:9      | Reached skill level 13 in Unarmed Combat
  8040 | Lair:1   | Entered Level 1 of the Lair of Beasts
  8101 | Lair:1   | Noticed a cane toad
  8111 | Lair:1   | Killed a cane toad
  8112 | Lair:1   | Reached skill level 1 in Invocations
  8220 | Lair:1   | Reached XP level 11. HP: 102/107 MP: 11/11
  9080 | Lair:2   | Learned a level 2 spell: Passwall
  9137 | Lair:2   | Reached skill level 14 in Unarmed Combat
  9172 | Lair:2   | Noticed an eight-headed hydra
  9178 | Lair:2   | Killed a nine-headed hydra
  9268 | Lair:2   | Noticed a six-headed hydra
  9276 | Lair:2   | Slain by a ten-headed hydra

Illustrated notes

Levels and vault maps discovered:
D:1:      dpeg_arrival_tiny_i, layout_basic
D:2:      layout_loops_ring, basic_altar
D:3:      wad_lake_hut, layout_basic, uniq_sigmund
D:4:      layout_basic, temple_green, uniq_natasha, uniq_blork_the_orc
D:5:      layout_basic, mainiacjoe_overflow_cross_hatched,
          ebering_ghost_sewer_d, uniq_eustachio
D:6:      layout_gridville, hangedman_abyss_or_decor_stagger, fountainhead,
          minmay_misc_feat_room, uniq_edmund
D:7:      layout_rooms, kennysheep_nondescript, st_stairs_9,
          kennysheep_generic_room_5
D:8:      layout_basic, nemelex_spade_bored_becter, due_lair_maze_entry_diamond,
          serial_rivers, chequers_serial_rivers_small_3,
          chequers_serial_rivers_large_b, chequers_serial_rivers_micro_e,
          chequers_serial_rivers_micro_c, kennysheep_decorative_pillar
D:9:      layout_basic, bloody_makhleb, orc_0_dummy, minmay_misc_feat_tower
Temple:   eino_temple_lava
Lair:1:   layout_roguey, serial_bayou_pond_c, grunt_megastairs_1,
          lemuel_fruit_fields, serial_bayou_shore_a, infiniplex_staircase_pool_2
Lair:2:   layout_hall_layers, chequers_serial_rivers_marsh

Skill      XL: |  1  2  3  4  5  6  7  8  9 10 11 |
---------------+----------------------------------+-----
Unarmed Combat | 4 5 6 7 8 9 11 13 14 | 14.1
Fighting       | 3 4 5 6 7 |  7.2
Dodging        | 3 4 5 6 7 |  7.2
Invocations    | 1 3 |  3.6
Stealth        | |  1.0

Action                   |  1- 3 |  4- 6 |  7- 9 | 10-12 || total
-------------------------+-------+-------+-------+-------++-------
Melee: Unarmed           |    99 |    61 |   274 |   239 ||   673
       Punch             |       |       |    17 |    27 ||    44
Evoke: Wand              |       |       |       |     5 ||     5
  Use: Scroll            |       |     4 |     9 |     3 ||    16
       Potion            |       |     1 |       |       ||     1
 Stab: Sleeping          |     4 |     1 |     8 |     2 ||    15
       Distracted        |       |       |       |     1 ||     1
Armor: Robe              |    27 |     8 |    47 |    90 ||   172
Dodge: Dodged            |    36 |    32 |   132 |   148 ||   348
       Repelled          |     1 |       |       |       ||     1

Table legend: (Time is in decaauts)
 A = Elapsed time spent in this place.
 B = Non-inter-level travel time spent in this place.
 C = Inter-level travel time spent in this place.
 D = Time resting spent in this place.
 E = Time spent auto-exploring this place.
 F = Levels seen in this place.
 G = Mean time per level.
                   A        B        C        D        E       F      G
               +--------+--------+--------+--------+--------+-----+--------+
         Total |   9310 |   8625 |    685 |    189 |   6732 |  12 |  775.8 |
       Dungeon |   7977 |   7343 |    634 |    162 |   5763 |   9 |  886.3 |
        Temple |    102 |     93 |      9 |      0 |     68 |   1 |  102.0 |
          Lair |   1229 |   1188 |     41 |     27 |    900 |   2 |  614.5 |
               +--------+--------+--------+--------+--------+-----+--------+

Top non-repeatable levels by time:
     D:3: 1326 daAuts
     D:8: 1155 daAuts
     D:5: 1098 daAuts
     D:4: 875 daAuts
  Lair:1: 805 daAuts
     D:9: 767 daAuts
     D:7: 747 daAuts
     D:2: 693 daAuts
     D:6: 666 daAuts
     D:1: 646 daAuts
  Lair:2: 424 daAuts
  Temple: 102 daAuts
